 Dungeon Crawl Stone Soup version 0.28.0-53-g5a82cb258f (webtiles) character file.

Game seed: 11377581683169445638

983 safid the Digger (level 8, -3/48 HPs)
             Began as a Gargoyle Earth Elementalist on Sept 6, 2022.
             Slain by a killer bee (7 damage)
             ... on level 5 of the Dungeon.
             The game lasted 00:09:30 (6949 turns).

safid the Digger (Gargoyle Earth Elementalist)      Turns: 6949, Time: 00:09:31

Health: -3/48      AC:  9    Str: 10 (13) XL:     8   Next: 17%
Magic:  0/15       EV: 12    Int: 16 (17) God:
Gold:   273        SH:  5    Dex:  9 (10) Spells: 12/16 levels left

rFire   . . .      SeeInvis .   s - +1 whip (elec)
rCold   + . .      Faith    .   (no shield)
rNeg    + . .      Spirit   .   b - +0 robe
rPois   ∞          Reflect  +   (no helmet)
rElec   +          Harm     .   w - +0 cloak
rCorr   .          Rampage  .   q - +0 pair of gloves
Will    .....                   (no boots)
Stlth   ++........              n - amulet of reflection
HPRegen 0.16/turn               f - ring of protection from cold
MPRegen 0.14/turn               (no ring)

@: brilliant, attractive
A: sickness immunity, AC +5, negative energy resistance 1, electricity
resistance, torment resistance 1, petrification resistance
a: no special abilities


You were on level 5 of the Dungeon.
You visited 1 branch of the dungeon, and saw 5 of its levels.
You also visited: Ossuary.

You collected 273 gold pieces.

Inventory:

Hand Weapons
 s - a +1 whip of electrocution (weapon)
Missiles
 c - 97 stones
 m - 6 poisoned darts
Armour
 b - a +0 robe (worn)
 q - a +0 pair of gloves (worn)
 w - a +0 cloak (worn)
Jewellery
 f - a ring of protection from cold (left hand)
 n - an amulet of reflection (around neck)
 x - an amulet of the acrobat
Wands
 r - a wand of flame (2)
 D - a wand of iceblast (5)
 H - a wand of polymorph (7)
Scrolls
 g - a scroll of enchant armour {unknown}
 h - 2 scrolls of amnesia {unknown}
 i - 3 scrolls of noise {unknown}
 k - a scroll of fog {unknown}
 o - 4 scrolls of teleportation {unknown}
 p - 3 scrolls of identify {unknown}
 y - a scroll of vulnerability {unknown}
 F - 3 scrolls of fear {unknown}
 G - a scroll of blinking {unknown}
Potions
 a - a potion of degeneration
 d - a potion of heal wounds {unknown}
 e - a potion of brilliance
 j - a potion of attraction
 l - a potion of cancellation {unknown}
 t - a potion of ambrosia {unknown}
 u - a potion of curing {unknown}
 v - a potion of lignification {unknown}
 z - a potion of might {unknown}
 A - a potion of haste {unknown}
 B - a potion of mutation {unknown}
 C - a potion of invisibility {unknown}
 E - a potion of berserk rage {unknown}


   Skills:
 + Level 4.9 Fighting
 - Level 2.0 Dodging
 - Level 2.1 Stealth
 + Level 4.7 Spellcasting
 + Level 3.8 Conjurations
 - Level 0.7 Transmutations
 + Level 6.8 Earth Magic


You had 12 spell levels left.
You knew the following spells:

 Your Spells              Type           Power      Damage    Failure   Level
a - Sandblast             Erth           76%        2d16      1%          1
b - Stone Arrow           Conj/Erth      62%        3d10      5%          3

Your spell library contained the following spells:

 Spells                   Type           Power      Damage    Failure   Level
 Passwall                 Tmut/Erth      19%        N/A       4%          2
 Static Discharge         Conj/Air       14%        N/A       11%         2
 Beastly Appendage        Tmut           18%        N/A       12%         1
 Slow                     Hex            20%        N/A       16%         1
 Wereblood                Tmut           9%         N/A       19%         2
 Petrify                  Tmut/Erth      23%        N/A       32%         4
 Spider Form              Tmut/Pois      7%         N/A       38%         3
 Confusing Touch          Hex            5%         N/A       43%         3
 Vampiric Draining        Necr           5%         2d6       43%         3
 Sticky Flame             Conj/Fire      14%        2d4       56%         4
 Dispel Undead            Necr           5%         3d7       83%         4
 Fireball                 Conj/Fire      7%         3d5       89%         5
 Starburst                Conj/Fire      7%         6d4       100%        6
 Malign Gateway           Summ/Tloc      2%         N/A       100%        7
 Ignition                 Fire           2%         3d3       100%        8
 Summon Horrible Things   Summ           2%         N/A       100%        8


Dungeon Overview and Level Annotations

Branches:
Dungeon (5/15)            Ossuary (visited)
 Temple: D:4-7

Altars:
Elyvilon
Okawaru
Wu Jian

Shops:
D:5 *

Annotations:
D:3 3 runed translucent doors, COBRA's ghost, amateur HOFi
D:4 1 runed translucent door, Crazy Yiuf


Innate Abilities, Weirdness & Mutations

You are immune to sickness and miasma.
Your stone body is resilient. (AC +5)
You are immune to poison.
You resist negative energy. (rN+)
You are resistant to electric shocks. (rElec)
You are resistant to unholy torment.
You are immune to petrification.


Message History

Confirm with . or Enter, or press ? or * to list all spells.
Aiming: Sandblast (safe; 1% risk of failure)
Press: ? - help, Shift-Dir - straight line, f/p - killer bee
Aim: a killer bee (severely wounded, 61% to hit)
The blast of sand hits the killer bee.
You kill the killer bee!
You block the killer bee's attack.
Unknown command.
You miss the killer bee. The killer bee stings you.
The killer bee stings you but does no damage.
Casting: Sandblast (safe; 1% risk of failure)
Confirm with . or Enter, or press ? or * to list all spells.
Aiming: Sandblast (safe; 1% risk of failure)
Press: ? - help, Shift-Dir - straight line, f - killer bee
Aim: a killer bee (61% to hit)
The blast of sand hits the killer bee!
The killer bee is severely wounded.
The killer bee misses you. The killer bee stings you.
* * * LOW HITPOINT WARNING * * *
Casting: Sandblast (safe; 1% risk of failure)
Confirm with . or Enter, or press ? or * to list all spells.
Aiming: Sandblast (safe; 1% risk of failure)
Press: ? - help, Shift-Dir - straight line, f/p - killer bee
Aim: a killer bee (severely wounded, 61% to hit)
The blast of sand hits the killer bee!
You kill the killer bee!
The killer bee stings you!
* * * LOW HITPOINT WARNING * * *
It was a potion of degeneration.
There was something very wrong with that liquid.
You feel weakened.
You feel dopey.
You feel clumsy.
The killer bee stings you but does no damage.
The killer bee misses you.
It was a potion of brilliance.
You feel clever all of a sudden.
The killer bee stings you but does no damage. x2
It was a potion of attraction.
You feel attractive to monsters. The killer bee stings you!
You die...

.......... ......... .
...... .. .... ..
#####†##+## ..
#.........# ..
+.........#.. .
##y####+###.. .
######@##........ ####
#.......#........ #...
+.......'........ #...
###+#####........ ####
#............#######..#
#............#.........
#............#.........
#............#...##<..#
#######....###...######


You could see a killer bee.

Vanquished Creatures
  Edmund (D:4)
  3 ogres
  A phantom (D:4)
  A water moccasin zombie (D:5)
  5 killer bees (D:5)
  2 human zombies (Ossuary)
  A centaur skeleton (D:5)
  A hound zombie (Ossuary)
  4 mummies (Ossuary)
  A gnoll (D:1)
  An adder (D:4)
  An ufetubus (D:4)
  2 worms
  2 dart slugs (D:3)
  3 orcs
  8 endoplasms
  2 giant cockroaches
  2 gnoll zombies (Ossuary)
  4 goblins
  9 hobgoblins
  4 kobolds
  2 quokkas (D:1)
  7 ball pythons
  10 bats
  3 frilled lizards
  3 goblin zombies (Ossuary)
  A jackal zombie (Ossuary)
  An orc zombie (Ossuary)
  2 rats (D:1)
  2 rat zombies (Ossuary)
89 creatures vanquished.

Vanquished Creatures (others)
  2 fungi (D:4)
2 creatures vanquished.

Grand Total: 91 creatures vanquished

Notes
Turn   | Place    | Note
-------+----------+-------------------------------------------
     0 | D:1      | safid the Gargoyle Earth Elementalist began the quest for
                  | the Orb.
     0 | D:1      | Reached XP level 1. HP: 10/10 MP: 3/3
   328 | D:1      | Reached XP level 2. HP: 7/16 MP: 1/5
   709 | D:1      | Reached skill level 1 in Fighting
   709 | D:1      | Reached skill level 4 in Earth Magic
  1000 | D:1      | Reached XP level 3. HP: 20/20 MP: 6/6
  1762 | D:2      | Found a white marble altar of Elyvilon.
  2025 | D:2      | Found a faded altar of an unknown god.
  2794 | D:3      | Reached XP level 4. HP: 13/26 MP: 4/7
  3021 | D:3      | Found an ornate altar of the Wu Jian Council.
  3331 | D:3      | Found a runed translucent gate.
  3331 | D:3      | Found a runed translucent gate.
  3335 | D:3      | Found a runed translucent gate.
  3338 | D:3      | Noticed COBRA's ghost (amateur HOFi)
  3411 | D:3      | Found an iron altar of Okawaru.
  4164 | D:4      | Noticed an ogre
  4169 | D:4      | Noticed a phantom
  4187 | D:3      | Learned a level 3 spell: Stone Arrow
  4563 | D:4      | Killed an ogre
  4564 | D:4      | Reached skill level 5 in Earth Magic
  4564 | D:4      | Reached XP level 5. HP: 32/32 MP: 4/9
  4723 | D:4      | Noticed Edmund
  4735 | D:4      | Killed Edmund
  4736 | D:4      | Reached skill level 1 in Conjurations
  4736 | D:4      | Reached XP level 6. HP: 24/37 MP: 2/11
  5500 | D:4      | Found a runed translucent door.
  5501 | D:4      | Noticed Crazy Yiuf
  5554 | D:5      | Entered Level 5 of the Dungeon
  5586 | D:5      | Found Gaijiffi's Elemental Accessories.
  5686 | D:5      | Reached XP level 7. HP: 15/42 MP: 3/12
  5806 | D:5      | Found a sand-covered staircase.
  5817 | Ossuary  | Entered an ossuary
  5837 | Ossuary  | Reached skill level 6 in Earth Magic
  6940 | D:5      | Reached XP level 8. HP: 24/48 MP: 5/14
  6949 | D:5      | Slain by a killer bee

Illustrated notes

Levels and vault maps discovered:
D:1:      minmay_arrival_checkered_box, layout_rooms, serial_forest,
          infiniplex_forest_lined_room_2, infiniplex_forest_clump_double,
          infiniplex_forest_lined_2, infiniplex_forest_lined_room_3,
          minmay_pentomino_q2
D:2:      layout_basic, basic_ecumenical_altar, basic_altar
D:3:      layout_loops_corners, mainiacjoe_overflow_small_starburst,
          nzn_wu_jian_contemplation, gammafunk_ghost_necromancy
D:4:      layout_rooms, serial_curves, eino_curves_02, eino_curves_01,
          uniq_edmund, uniq_crazy_yiuf_cottage
D:5:      layout_gridville, nicolae_ossuary_entry_monument,
          nicolae_elemental_shop, item_on_display_a

Skill      XL: |  1  2  3  4  5  6  7 |
---------------+----------------------+-----
Fighting       | 1 2 3 4 |  4.9
Earth Magic    | 4 5 6 |  6.8
Dodging        | 2 |  2.0
Spellcasting   | 3 4 |  4.7
Conjurations   | 1 2 3 |  3.8
Stealth        | |  2.1
Transmutations | |  0.7

Action                   |  1- 3 |  4- 6 |  7- 9 || total
-------------------------+-------+-------+-------++-------
Melee: Unarmed           |    28 |       |       ||    28
       Club              |    12 |       |       ||    12
       Spear             |   118 |    49 |       ||   167
       Whip              |       |    58 |    80 ||   138
       Punch             |       |     2 |       ||     2
 Cast: Sandblast         |    21 |    18 |    20 ||    59
       Stone Arrow       |       |     5 |     7 ||    12
  Use: Potion            |       |       |     3 ||     3
 Stab: Sleeping          |     4 |     3 |       ||     7
Armor: Robe              |    72 |    32 |    37 ||   141
Dodge: Dodged            |   108 |    56 |    59 ||   223
Block: Other             |     1 |    17 |    22 ||    40
